cohdb
Replays
Latest Replays
All Replays
Popular Replays
Top Player Replays
Match Explorer
How It Works
Community
CoH3 Stats
Reddit
Sign in to upload your games and track your stats! →
Sign in with Steam
Match 47042477
Unlisted
Match 47042477
Overview
Messages
Build Orders
End
Construct Barracks
Riflemen Squad
Riflemen Squad
Riflemen Squad
Grenade Package
Riflemen Squad
Infantry Support Center
Construct Motor Pool
M1 Anti-tank Gun Team
Selects Advanced Infantry Battlegroup
Selects Advanced Infantry Battlegroup
Selects Convert to Ranger Squad
Selects Frontline Medical Station
Frontline Medical Station
M1918 Browning Automatic Rifles
Riflemen Squad
Advanced Logistics
Selects Infantry Assault
Infantry Assault
Selects Ammunition Storage
Selects Ammunition Storage
Engineer Squad
Selects Ammunition Storage
Survival Training
Infantry Assault
Selects M2A1 105mm Howitzer Emplacement
Munitions Surplus
Infantry Assault
M1 Anti-tank Gun Team
Riflemen Squad
Infantry Assault
Riflemen Squad
Infantry Assault
Riflemen Squad
Riflemen Squad
Infantry Assault
Construct Tank Depot
Infantry Assault
M4(105) Sherman Bulldozer
Infantry Assault
Infantry Assault
Frontline Medical Station
Engineer Squad
Infantry Assault
Infantry Assault
Infantry Assault
The101stAirBorne ITA
BamboneWertherone ITA
Capibimbambombolilalone ITA
FLOKL
Raiden
【POW】游骑
我真的不是驴
那谁_
0
0
Comments
sign in to comment!
No comments posted yet!